 Dungeon Crawl Stone Soup version 0.28.0 (webtiles) character file.

Game seed: 17276289108885959287

10339 browni3141 the Fighter (level 11, 0/153 HPs)
             Began as a Minotaur Berserker on Feb 15, 2022.
             Was an Elder of Trog.
             Slain by Sonja (5 damage)
             ... on level 10 of the Dungeon.
             The game lasted 00:05:59 (10350 turns).

browni3141 the Fighter (Minotaur Berserker)        Turns: 10350, Time: 00:06:00

Health: 0/153      AC: 26    Str: 25    XL:     11   Next: 34%
Magic:  10/10      EV: 10    Int:  4    God:    Trog [****..]
Gold:   285        SH:  0    Dex: 11    Spells: 10/10 levels left

rFire   + . .      SeeInvis .   A - +0 hand axe (drain)
rCold   x . .      Faith    .   (no shield)
rNeg    . . .      Spirit   .   B - +0 plate armour
rPois   .          Reflect  .   (helmet restricted)
rElec   +          Harm     .   L - +1 cloak
rCorr   .          Rampage  .   r - +2 pair of gloves
Will    .....                   u - +0 pair of boots
Stlth   ..........              (no amulet)
HPRegen 0.35/turn               D - +4 ring of protection
MPRegen 0.12/turn               v - ring "Soamaut" {Fire rElec}

@: berserking, very quick
A: horns 2, retaliatory headbutt
a: Renounce Religion, Berserk, Trog's Hand, Brothers in Arms


You were on level 10 of the Dungeon.
You worshipped Trog.
Trog was greatly pleased with you.
You visited 1 branch of the dungeon, and saw 10 of its levels.

You collected 646 gold pieces.
You spent 361 gold pieces at shops.

Inventory:

Hand Weapons
 a - a +0 hand axe
 A - a +0 hand axe of draining (weapon)
Armour
 b - a +0 animal skin
 f - a +0 pair of gloves
 q - a +0 pair of gloves
 r - a +2 pair of gloves (worn)
 u - a +0 pair of boots (worn)
 x - a +0 chain mail
 B - a +0 plate armour (worn)
 L - a +1 cloak (worn)
Jewellery
 m - a ring of flight
 v - the ring "Soamaut" (right hand) {Fire rElec}
   (You found it on level 6 of the Dungeon)

   [ring of fire]

   It enhances your fire magic.
   rF:        It protects you from fire.
   rC:        It makes you vulnerable to cold.
   rElec:     It insulates you from electricity.
 y - an amulet of the acrobat
 D - a +4 ring of protection (left hand)
 J - a ring of magical power
Wands
 t - a wand of acid (2)
 I - a wand of iceblast (6)
Scrolls
 c - 3 scrolls of fog {unknown}
 d - 3 scrolls of vulnerability {unknown}
 e - a scroll of magic mapping {unknown}
 i - 2 scrolls of noise {unknown}
 k - 8 scrolls of identify {unknown}
 o - a scroll of brand weapon {unknown}
 p - 2 scrolls of summoning {unknown}
 w - a scroll of blinking {unknown}
 z - 2 scrolls of amnesia {unknown}
 C - 2 scrolls of silence {unknown}
 E - 2 scrolls of teleportation {unknown}
 F - 2 scrolls of enchant weapon {unknown}
 G - a scroll of torment {unknown}
 M - a scroll of enchant armour {unknown}
Potions
 g - 6 potions of curing {unknown}
 h - 2 potions of brilliance {unknown}
 j - 2 potions of heal wounds {unknown}
 l - 2 potions of attraction {unknown}
 n - a potion of degeneration {unknown}
 s - 2 potions of lignification {unknown}
 H - a potion of might {unknown}
 K - a potion of mutation {unknown}


   Skills:
 + Level 11.4 Fighting
 + Level 11.3 Axes
 + Level 11.1 Armour
 + Level 10.1 Dodging


You had 10 spell levels left.
You didn't know any spells.
Your spell library was empty.

Dungeon Overview and Level Annotations

Branches:
Dungeon (10/15)            Temple (0/1) D:5            Lair (0/6) D:9
    Orc: D:9-12

Altars:
Ashenzari
Hepliaklqana
Nemelex Xobeh
Okawaru
Sif Muna
Wu Jian
Xom
Zin

Shops:
D:4 [   D:9 [

Annotations:
D:10 Sonja


Innate Abilities, Weirdness & Mutations

You have a pair of horns on your head.
You reflexively headbutt those who attack you in melee.


Message History

Sonja hits you but does no damage. Space warps around you.
Sonja hits you but does no damage.
There is an open door here.
Unknown command.
You miss Sonja. Sonja hits you but does no damage. Space warps around you.
Sonja barely misses you. Sonja hits you but does no damage.
You blink.
No target in view!
No target in view!
No target in view!
No target in view!
No target in view!
Sonja hits you but does no damage. Space warps horribly around you!
Sonja completely misses you. Sonja hits you but does no damage.
Space warps horribly around you!
You closely miss Sonja.
Sonja hits you with a +1 short sword of distortion.
Space warps horribly around you!
Sonja hits you with a +1 short sword of distortion!
You blink.
You closely miss Sonja. Your headbutt misses Sonja.
Sonja hits you with a +1 short sword of distortion.
Sonja misses you. Sonja closely misses you.
You hit Sonja. You drain Sonja. Your headbutt misses Sonja.
Sonja is lightly wounded.
Sonja hits you but does no damage. Space warps horribly around you!!
* * * LOW HITPOINT WARNING * * *
Sonja hits you but does no damage.
You blink.
You are too injured to fight recklessly!
You are too injured to fight recklessly!
A red film seems to cover your vision as you go berserk!
You feel yourself moving faster!
You feel mighty! Sonja barely misses you.
Sonja hits you with a +1 short sword of distortion.
* * * LOW HITPOINT WARNING * * *
Space warps horribly around you!
* * * LOW HITPOINT WARNING * * *
Sonja hits you but does no damage.
You closely miss Sonja. Your headbutt misses Sonja.
Sonja is lightly wounded.
Sonja hits you with a +1 short sword of distortion.
You die...

####..........#
#.#.............#
#.#}............#
#.#...[....)....#
#.#...#####'#####.
#.#...# #<......
#.#...# #######.
#.#...#
#####@#§..#######
#.....K.........#
#######§..#####.#
#...# #...# #...#
#...# #...# #...#


You could see Sonja (drained).

Vanquished Creatures
  A boulder beetle (D:9)
  Erolcha (D:10)
  A two-headed ogre (D:8)
  Pikel (D:4)
  Joseph (D:7)
  A kobold demonologist (D:9)
  A komodo dragon (D:9)
  3 trolls (D:9)
  Prince Ribbit (D:7)
  Sigmund (D:5)
  A wyvern (D:8)
  9 yaks
  2 wraiths (D:9)
  A steam dragon (D:8)
  2 acid dragons (D:9)
  A water moccasin (D:8)
  8 orc warriors
  2 ice beasts (D:6)
  2 sky beasts
  3 black bears
  A hornet zombie (D:8)
  3 necrophages (D:9)
  2 ogres
  3 centaurs
  A lemure (D:4)
  4 bullfrogs
  4 scorpions
  A water moccasin skeleton (D:5)
  3 killer bees (D:8)
  4 wights (D:9)
  2 howler monkeys (D:7)
  A gnoll shaman (D:9)
  A centaur skeleton (D:7)
  4 centaur zombies
  4 hounds
  2 orc priests
  A jelly (D:6)
  3 bullfrog skeletons
  Terence (D:3)
  9 orc wizards
  A killer bee zombie (D:8)
  2 hound skeletons
  A mummy (D:9)
  2 howler monkey skeletons
  8 gnolls
  2 howler monkey zombies (D:9)
  2 adders
  6 white imps
  2 worms
  2 dart slugs (D:2)
  31 orcs
  4 ball pythons
  8 bats
  5 endoplasms
  2 giant cockroaches (D:1)
  2 goblins
  6 hobgoblins
  5 jackals (D:1)
  A frilled lizard (D:3)
  4 kobolds (D:1)
  5 rats
198 creatures vanquished.

Vanquished Creatures (others)
  6 fungi
  3 plants (D:9)
  2 withered plants (D:9)
11 creatures vanquished.

Grand Total: 209 creatures vanquished

Notes
Turn   | Place    | Note
-------+----------+-------------------------------------------
     0 | D:1      | browni3141 the Minotaur Berserker began the quest for the
                  | Orb.
     0 | D:1      | Reached XP level 1. HP: 19/19 MP: 0/0
   177 | D:1      | Reached XP level 2. HP: 27/27 MP: 1/1
   951 | D:2      | Reached XP level 3. HP: 33/33 MP: 2/2
  1024 | D:2      | Found a faded altar of an unknown god.
  1268 | D:2      | Reached ** piety under Trog
  1494 | D:3      | Noticed a black bear
  1499 | D:3      | Killed a black bear
  1500 | D:3      | Reached XP level 4. HP: 41/41 MP: 3/3
  1500 | D:3      | Reached XP level 5. HP: 47/47 MP: 4/4
  1938 | D:3      | Noticed Terence
  1941 | D:3      | Found a glowing silver altar of Zin.
  1950 | D:3      | Killed Terence
  2015 | D:3      | Found an iron altar of Okawaru.
  2015 | D:3      | Found a broken altar of Ashenzari.
  2026 | D:3      | Found an ornate altar of the Wu Jian Council.
  2029 | D:3      | Found a sparkling altar of Nemelex Xobeh.
  2248 | D:4      | Reached skill level 5 in Fighting
  2248 | D:4      | Reached skill level 5 in Axes
  2255 | D:4      | Identified the +9 long sword "Rolif" {protect, *Corrode
                  | rPois rC- Int+6}
  2403 | D:4      | Found Xiud's Armour Shop.
  2412 | D:4      | Bought a +2 pair of gloves for 181 gold pieces
  2552 | D:4      | Found a shimmering altar of Xom.
  2630 | D:4      | Noticed a lemure
  2630 | D:4      | Noticed a lemure
  2631 | D:4      | Noticed Pikel
  2631 | D:4      | Noticed a lemure
  2632 | D:4      | Noticed a lemure
  2638 | D:4      | Killed a lemure
  2640 | D:4      | Reached XP level 6. HP: 43/56 MP: 5/5
  2642 | D:4      | Killed Pikel
  2643 | D:4      | Reached skill level 5 in Armour
  2643 | D:4      | Reached XP level 7. HP: 42/63 MP: 6/6
  2645 | D:4      | Reached skill level 5 in Dodging
  2918 | D:5      | Entered Level 5 of the Dungeon
  2925 | D:5      | Noticed Sigmund
  2936 | D:5      | Killed Sigmund
  3064 | D:5      | Reached XP level 8. HP: 49/71 MP: 7/7
  3895 | D:5      | Found a staircase to the Ecumenical Temple.
  4292 | D:6      | Identified the ring "Soamaut" {Fire rElec}
  4937 | D:6      | Reached XP level 9. HP: 72/81 MP: 8/8
  6111 | D:7      | Noticed Prince Ribbit
  6120 | D:7      | Killed Prince Ribbit
  6206 | D:7      | Reached *** piety under Trog
  6461 | D:7      | Noticed Joseph
  6469 | D:7      | Killed Joseph
  6753 | D:7      | Found a shimmering blue altar of Sif Muna.
  7289 | D:8      | Reached XP level 10. HP: 58/91 MP: 9/9
  7513 | D:8      | Noticed a two-headed ogre
  7522 | D:8      | Killed a two-headed ogre
  7946 | D:8      | Reached skill level 10 in Fighting
  8403 | D:9      | Reached skill level 10 in Axes
  8619 | D:9      | Reached skill level 10 in Armour
  8843 | D:9      | Found a hazy altar of Hepliaklqana.
  9559 | D:9      | Reached **** piety under Trog
  9560 | D:9      | Reached XP level 11. HP: 101/101 MP: 10/10
  9949 | D:9      | Noticed a boulder beetle
  9959 | D:9      | Killed a boulder beetle
  9960 | D:9      | Reached skill level 10 in Dodging
 10198 | D:9      | Found a staircase to the Lair.
 10231 | D:9      | Found Raxzof's Antique Armour Emporium.
 10240 | D:9      | Bought a runed cloak for 180 gold pieces
 10268 | D:10     | Entered Level 10 of the Dungeon
 10269 | D:10     | Noticed Erolcha
 10273 | D:10     | Killed Erolcha
 10340 | D:10     | Noticed Sonja
 10349 | D:10     | HP: 5/153 [Sonja (15)]
 10350 | D:10     | Slain by Sonja

Illustrated notes

Levels and vault maps discovered:
D:1:      lightli_arrival_statue_moat, layout_loops_cross
D:2:      layout_basic, serial_rivers, chequers_serial_rivers_micro_a,
          chequers_serial_rivers_large_a, chequers_serial_rivers_micro_e,
          chequers_serial_rivers_micro_c, chequers_serial_rivers_micro_d,
          shapermc_ecumenical_altar_ellora, chequers_serial_rivers_micro_c
D:3:      layout_basic, minmay_overflow_temple_star_hex, uniq_terence
D:4:      layout_rooms, xom_butterflies, serial_shops, nicolae_shop_crystal,
          hangedman_decor_diamond_cutter, uniq_pikel
D:5:      layout_loops_ring, minmay_temple_entry_overgrown, uniq_sigmund
D:6:      layout_gridville, kennysheep_generic_room_14
D:7:      layout_gridville, mainiacjoe_overflow_concentric_impassable,
          uniq_joseph, uniq_prince_ribbit1
D:8:      lemuel_ice_spiral_2, layout_basic, minivault_10, minmay_between
D:9:      kennysheep_windowed_halls, layout_irregular_city,
          kennysheep_mini_moat, grunt_lair_entry_orc_guard_hut, serial_shops,
          shop, serial_undead, serial_undead_c, serial_undead_e,
          serial_undead_d, serial_undead_a, serial_undead_e, serial_undead_e,
          serial_undead_d, serial_undead_e
D:10:     layout_basic, minmay_nine_imps, uniq_sonja, uniq_erolcha

Skill      XL: |  1  2  3  4  5  6  7  8  9 10 11 |
---------------+----------------------------------+-----
Fighting       | 4 5 6 8 9 10 11 | 11.4
Axes           | 4 5 6 7 9 10 11 | 11.3
Armour         | 3 4 5 6 7 9 10 11 | 11.1
Dodging        | 3 4 5 6 8 9 10 | 10.1

Action                   |  1- 3 |  4- 6 |  7- 9 | 10-12 || total
-------------------------+-------+-------+-------+-------++-------
Melee: Hand axe          |    73 |    36 |   235 |   266 ||   610
       Headbutt          |    11 |    12 |    54 |    70 ||   147
       Punch             |       |     1 |     5 |     1 ||     7
Invok: Berserk           |     1 |     2 |     9 |     7 ||    19
       Trog's Hand       |       |       |     1 |       ||     1
Armor: Animal skin       |    25 |     9 |    41 |       ||    75
       Chain mail        |       |       |    66 |       ||    66
       Plate armour      |       |       |     5 |   153 ||   158
Dodge: Dodged            |    70 |    28 |   168 |   137 ||   403
